 Dungeon Crawl Stone Soup version 0.16-a0-3521-gb1b4986 (webtiles) character file.

7849 PolkaDot the Grappler (level 11, -2/99 HPs)
             Began as a White Draconian Assassin on Jan 7, 2015.
             Was an Elder of Okawaru.
             Slain by an unseen horror (5 damage)
             ... on level 10 of the Dungeon.
             The game lasted 00:36:54 (11435 turns).

PolkaDot the Grappler (White Draconian Assassin)   Turns: 11435, Time: 00:36:55

Health: -2/99      AC: 13    Str: 14    XL:     11   Next: 2%
Magic:  19/19      EV: 15    Int: 15    God:    Okawaru [****..]
Gold:   305        SH:  0    Dex: 12    Spells: 0 memorised, 10 levels left

rFire  . . .     SeeInvis .       - Unarmed
rCold  + . .     Clarity  .     (armour unavailable)
rNeg   . . .     SustAb   .     (no shield)
rPois  .         Gourm    .     (helmet restricted)
rElec  .         Spirit   .     n - +2 cloak
rCorr  .         Warding  .     m - +2 pair of gloves
rMut   .         Stasis   .     (no boots)
MR     .....                    (no amulet)
Stlth  ++........               (no ring)
                                (no ring)

@: not resistant to hostile enchantments, unstealthy
A: breathe frost, unfitting armour, cold resistance 1, cold-blooded, AC +7
a: Breathe Frost, Heroism, Renounce Religion


You were on level 10 of the Dungeon.
You worshipped Okawaru.
Okawaru was greatly pleased with you.
You were hungry.

You visited 1 branch of the dungeon, and saw 10 of its levels.
You also visited: Ossuary.

You collected 305 gold pieces.

Inventory:

Hand weapons
 b - a +5 blowgun
Missiles
 c - 3 throwing nets
 d - 28 tomahawks
 f - 2 curare-tipped needles
 o - 39 poisoned needles
 q - 4 poisoned tomahawks
 y - 3 steel tomahawks
 I - 2 javelins of returning (quivered)
 N - 7 tomahawks of returning
Armour
 m - a +2 pair of gloves (worn)
 n - a +2 cloak (worn)
Magical devices
 a - a wand of polymorph (8)
 s - a wand of heal wounds (4)
 F - a wand of draining (1)
 K - a wand of frost (7)
 M - a wand of frost (36)
Scrolls
 e - 2 scrolls of fog
 i - 2 scrolls of enchant armour
 j - 4 scrolls of teleportation
 k - 2 scrolls of amnesia
 l - a scroll of blinking {unknown}
 p - 6 scrolls of identify
 r - a scroll of noise {unknown}
 u - 6 scrolls of remove curse
 v - 2 scrolls of magic mapping {unknown}
 x - 2 scrolls of immolation {unknown}
 B - a scroll of brand weapon {unknown}
Potions
 t - a potion of cancellation {unknown}
 z - 3 potions of restore abilities
 A - 3 potions of brilliance
 C - a potion of might
 J - a potion of haste {unknown}
 L - a potion of invisibility {unknown}
Comestibles
 g - 9 bread rations
 h - 2 beef jerkies
 w - 4 fruits
 D - 5 meat rations


   Skills:
 + Level 9.7 Fighting
   Level 2.0 Short Blades
 - Level 1.7 Throwing
 - Level 6.2 Dodging
 - Level 3.6 Stealth
 * Level 11.9 Unarmed Combat
 + Level 5.0 Invocations


You had 10 spell levels left.
You didn't know any spells.

Dungeon Overview and Level Annotations

Branches:
Dungeon (10/15)            Temple (0/1) D:6            Lair (0/8) D:9
    Orc (0/4) D:9

Altars:
Ashenzari
Cheibriados
Elyvilon
Fedhas
Kikubaaqudgha
Makhleb
Nemelex Xobeh
Okawaru
Qazlal
Vehumet
Zin
The Shining One

Shops:
D:5 (   D:6 *   D:8 *

Annotations:
D:10 Psyche


Innate Abilities, Weirdness & Mutations

You can breathe waves of freezing cold.
You can buffet flying creatures when you breathe cold.
Your icy white scales are hard (AC +7).
Your body does not fit into most forms of armour.
Your flesh is cold resistant.
Your cold-blooded metabolism reacts poorly to cold.


Message History

Something hits you but does no damage.
You closely miss something. Something hits you!
* * * LOW HITPOINT WARNING * * *
Something barely misses you. Something hits you but does no damage.
Something barely misses you.
Drink which item? (? for menu, Esc to quit)
Okay, then.
Eat which item? (? for menu, Esc to quit)
You can't eat that!
You aren't carrying any pieces of jewellery.
Read which item? (? for menu, Esc to quit)
As you read the scroll of fog, it crumbles to dust.
The scroll dissolves into smoke.
Something hits you.
* * * LOW HITPOINT WARNING * * *
You hit something. Something hits you!
* * * LOW HITPOINT WARNING * * *
Something hits you but does no damage. Something hits you but does no damage.
Something hits you.
You die...

.P. ##....#...... .. ..
# ###.......# ... ...#
##..##### ##.... ....#
#..## ###......
......###..# ##........
..........##
##.....$... .P........#
###.......#
..##.....####....)....#
##.....†@..§......##
##..<....§§§.....#
##.......§§§§§....#
#.........§§§§...##
#........######[..#
.........## ##..#
........## #..#
.....### #..# ...##
#..#


There were no monsters in sight!

Vanquished Creatures
  The ghost of runewalsh the Frost Mage, an experienced OpIE of Vehumet (D:10)
  The ghost of dysrexia the Geomancer, an experienced DEEE of Vehumet (D:6)
  A two-headed ogre (D:8)
  A spriggan (D:7)
  2 hungry ghosts
  A deep elf mage (D:9)
  3 wolves (D:10)
  Eustachio (D:5)
  Grum (D:10)
  A water moccasin (D:9)
  A steam dragon (D:10)
  2 wargs (D:10)
  An ice beast (D:9)
  2 orc warriors
  4 sky beasts
  3 ogres
  A black bear (D:6)
  3 phantoms
  A centaur (D:8)
  2 big kobolds
  6 giant frogs
  A wyvern zombie (Ossuary)
  2 scorpions (D:5)
  A wyvern skeleton (D:9)
  8 wights (D:9)
  12 killer bees
  7 crimson imps
  4 bog bodies (Ossuary)
  A centaur zombie (Ossuary)
  2 giant frog zombies (Ossuary)
  3 centaur skeletons
  A goliath beetle (D:7)
  6 hounds
  3 orc priests
  Crazy Yiuf (D:2)
  A giant frog skeleton (D:9)
  2 jellies
  3 iguanas
  7 worker ants
  Natasha (twice) (D:6)
  10 orc wizards
  A killer bee zombie (Ossuary)
  Ijyb (D:2)
  A hound zombie (Ossuary)
  Terence (D:2)
  14 mummies (Ossuary)
  2 worker ant zombies (Ossuary)
  15 adders
  6 gnolls
  3 shadow imps
  An ufetubus (D:5)
  4 worms
  An adder zombie (D:9)
  5 giant geckos
  4 oozes
  29 orcs
  16 bats
  A bat skeleton (D:5)
  A bat zombie (Ossuary)
  7 goblins
  10 hobgoblins
  8 jackals
  3 quokkas
  3 giant cockroaches
  A giant gecko zombie (Ossuary)
  8 giant newts
  A jackal zombie (D:5)
  16 kobolds
  A quokka zombie (Ossuary)
  15 rats
  A rat zombie (D:8)
296 creatures vanquished.

Vanquished Creatures (others)
  A human (D:10)
  An orc (D:9)
  A giant spore (D:7)
3 creatures vanquished.

Grand Total: 299 creatures vanquished

Notes
Turn   | Place    | Note
--------------------------------------------------------------
     0 | D:1      | PolkaDot, the Draconian Assassin, began the quest for the Orb.
     0 | D:1      | Reached XP level 1. HP: 17/17 MP: 1/1
    20 | D:1      | Reached skill level 1 in Dodging
   355 | D:1      | Reached skill level 1 in Unarmed Combat
   402 | D:1      | Reached XP level 2. HP: 25/25 MP: 2/2
   722 | D:2      | Found a radiant altar of Vehumet.
   840 | D:2      | Reached XP level 3. HP: 20/30 MP: 3/3
  1116 | D:2      | Found an iron altar of Okawaru.
  1184 | D:2      | Became a worshipper of Warmaster Okawaru
  1205 | D:2      | Noticed Terence
  1258 | D:2      | Killed Terence
  1309 | D:2      | Noticed Ijyb
  1329 | D:2      | Killed Ijyb
  1329 | D:2      | Reached XP level 4. HP: 26/38 MP: 4/4
  1466 | D:2      | Noticed Crazy Yiuf
  1651 | D:2      | Killed Crazy Yiuf
  1808 | D:3      | Reached XP level 5. HP: 43/45 MP: 5/5
  2086 | D:3      | Found a blossoming altar of Fedhas.
  2087 | D:3      | Found an ancient bone altar of Kikubaaqudgha.
  2619 | D:2      | Reached skill level 4 in Unarmed Combat
  3238 | D:3      | Reached XP level 6. HP: 52/52 MP: 6/6
  4075 | D:4      | Got a shimmering falchion
  4076 | D:4      | Identified the +2 falchion "Viufy Cox" {slice, rElec rC+ rN+ Str+1 Dex+2} (You found it on level 4 of the Dungeon)
  4299 | D:4      | Found a glowing golden altar of the Shining One.
  4299 | D:4      | Found a white marble altar of Elyvilon.
  4300 | D:4      | Found a glowing silver altar of Zin.
  4797 | D:4      | Your scales start taking on an icy white colour.
  4797 | D:4      | Gained mutation: Your flesh is cold resistant. [draconian maturity]
  4797 | D:4      | Reached XP level 7. HP: 45/60 MP: 7/7
  5005 | D:5      | Entered Level 5 of the Dungeon
  5022 | D:5      | Found Caup's Antique Weapon Boutique.
  5036 | D:5      | Reached skill level 5 in Unarmed Combat
  5042 | D:5      | Acquired Okawaru's first power
  5151 | D:5      | Reached skill level 5 in Fighting
  5191 | D:5      | Found a sparkling altar of Nemelex Xobeh.
  5413 | D:5      | Reached skill level 6 in Unarmed Combat
  5583 | D:5      | Found a burning altar of Makhleb.
  5721 | D:5      | Found a stormy altar of Qazlal.
  5730 | D:5      | Noticed Eustachio
  5753 | D:5      | Killed Eustachio
  5753 | D:5      | Reached XP level 8. HP: 68/70 MP: 8/8
  5915 | D:6      | Reached skill level 7 in Unarmed Combat
  6009 | D:6      | Found Xunef's Elemental Accessories.
  6195 | D:6      | Found a sparkling altar of Nemelex Xobeh.
  6282 | D:6      | Noticed dysrexia's ghost (experienced DEEE)
  6292 | D:6      | Killed dysrexia's ghost
  6292 | D:6      | Reached skill level 5 in Dodging
  6292 | D:6      | Reached skill level 8 in Unarmed Combat
  6419 | D:6      | Found a staircase to the Ecumenical Temple.
  6446 | D:6      | Noticed Natasha
  6453 | D:6      | Killed Natasha
  6453 | D:6      | Reached XP level 9. HP: 78/78 MP: 9/9
  6870 | D:6      | Noticed Natasha
  6887 | D:6      | Killed Natasha
  7534 | D:7      | Reached skill level 9 in Unarmed Combat
  7618 | D:7      | Found a snail-covered altar of Cheibriados.
  7802 | D:8      | Found a sand-covered staircase.
  7817 | Ossuary  | Entered an ossuary
  8495 | D:8      | Reached skill level 10 in Unarmed Combat
  8525 | D:8      | Reached skill level 1 in Invocations
  8727 | D:8      | Found Wuacuah's General Store.
  8769 | D:8      | Reached XP level 10. HP: 87/89 MP: 11/11
  8867 | D:8      | Received a gift from Okawaru
  9049 | D:9      | Found a staircase to the Orcish Mines.
  9065 | D:9      | Found a shattered altar of Ashenzari.
  9233 | D:9      | Found a staircase to the Lair.
  9644 | D:9      | Reached skill level 11 in Unarmed Combat
 10130 | D:9      | Identified the Volume of Execration and Combat Magic
 10168 | D:10     | Entered Level 10 of the Dungeon
 10168 | D:10     | Noticed Psyche
 10387 | D:10     | Noticed runewalsh's ghost (experienced OpIE)
 10404 | D:10     | Killed runewalsh's ghost
 10443 | D:10     | Noticed Grum
 10473 | D:10     | Killed Grum
 10473 | D:10     | Received a gift from Okawaru
 11178 | D:10     | Found an ancient bone altar of Kikubaaqudgha.
 11239 | D:10     | Reached skill level 5 in Invocations
 11264 | D:10     | Reached XP level 11. HP: 43/99 MP: 19/19
 11432 | D:10     | HP: 3/99 [something (11)]
 11435 | D:10     | Slain by an unseen horror

Action                   |  1- 3 |  4- 6 |  7- 9 | 10-12 || total
-------------------------+-------+-------+-------+-------++-------
Melee: Dagger            |   118 |   118 |       |       ||   236
       Unarmed           |       |   237 |   574 |   252 ||  1063
 Fire: Blowgun           |    12 |    11 |       |       ||    23
Throw: Tomahawk          |       |    11 |     6 |       ||    17
       Throwing net      |       |       |     4 |     4 ||     8
       Javelin           |       |       |       |    79 ||    79
Invok: Heroism           |       |       |     5 |     4 ||     9
 Abil: Breathe Frost     |       |       |     3 |     3 ||     6
Evoke: Wand              |       |       |       |    11 ||    11
  Use: Potion            |       |     3 |     7 |     3 ||    13
       Scroll            |       |     1 |    14 |     3 ||    18
 Stab: Sleeping          |     5 |     5 |     8 |     1 ||    19
       Distracted        |       |     1 |     2 |     2 ||     5
       Held in net/web   |       |       |     1 |       ||     1
  Eat: Chunk             |     1 |    12 |    12 |     8 ||    33
       Bread ration      |       |       |     1 |       ||     1
